 Dungeon Crawl Stone Soup version 0.23.2-1-ga50397a6bc (webtiles) character file.

Game seed: 17830384115987501618

45 MisterOstroum the Caller (level 3, 0/42 HPs)
             Began as a Deep Elf Summoner on May 19, 2019.
             Succumbed to an adder's poison
             ... on level 2 of the Dungeon.
             The game lasted 00:14:09 (2790 turns).

MisterOstroum the Caller (Deep Elf Summoner)        Turns: 2790, Time: 00:14:10

Health: 0/42       AC: 21    Str: 10    XL:     3   Next: 42%
Magic:  1/10       EV:  2    Int: 20    God:
Gold:   79         SH:  0    Dex: 15    Spells: 1/10 levels left

rFire    . . .     SeeInvis .   h - +0 dagger
rCold    . . .     Gourm    .   (no shield)
rNeg     + + +     Faith    .   (armour currently unavailable)
rPois    +         Spirit   .   (helmet currently unavailable)
rElec    .         Reflect  .   (cloak currently unavailable)
rCorr    .         Harm     .   (gloves currently unavailable)
MR       .....     NoTele   +   (boots currently unavailable)
Stlth    ..........             (no amulet)
HPRegen  0.14/turn              (no ring)
MPRegen  0.12/turn              (no ring)

@: berserking (expiring), lethally poisoned (0 -> -7), tree-form, very quick
A: no striking features
a: no special abilities


You were on level 2 of the Dungeon.
You were not hungry.
You were a tree.
You visited 1 branch of the dungeon, and saw 2 of its levels.

You collected 79 gold pieces.

Inventory:

Hand Weapons
 h - a +0 dagger (weapon)
 m - a +0 dagger of holy wrath
Missiles
 c - 87 stones (quivered)
Armour
 a - a +0 robe (melded)
 n - a +2 leather armour of positive energy
Scrolls
 i - a scroll of remove curse {unknown}
Potions
 d - a potion of heal wounds {unknown}
 f - a potion of lignification {@q6}
 j - a potion of degeneration {unknown}
 k - a potion of curing {unknown}
Comestibles
 e - 4 rations
 g - 4 chunks of flesh


   Skills:
 - Level 2.4 Dodging
 - Level 2.4 Stealth
 + Level 4.3 Spellcasting
 + Level 5.1 Summonings


You had one spell level left.
You knew the following spells:

 Your Spells              Type           Power        Failure   Level  Hunger
a - Summon Small Mammal   Summ           ###.         1%          1    None
b - Call Imp              Summ           ###.....     2%          2    #......
c - Call Canine Familiar  Summ           ###.....     4%          3    ###....
d - Summon Guardian Gole  Hex/Summ       ##......     13%         3    ###....

Your spell library contained the following spells:

 Spells                   Type           Power        Failure   Level  Hunger
 Summon Ice Beast         Ice/Summ       ##......     41%         4    ####...
 Summon Lightning Spire   Summ/Air       ##......     41%         4    ####...


Dungeon Overview and Level Annotations

Branches:
Dungeon (2/15)

Altars:
Elyvilon
Vehumet


Message History

Confirm with . or Enter, or press ? or * to list all spells.
The adder bites you.
You are poisoned.
The adder poisons you!
Your hound bites the adder but does no damage.
Something hits your hound. The adder closely misses you.
You feel sick.
Your hound misses the adder. Something hits your hound.
Your rat closely misses the adder.
You feel sick.
Your hound misses the adder. The adder closely misses you.
Your hound bites the adder.
Your rat barely misses the adder.
Your hound disappears in a puff of smoke!
The kobold throws a stone.
The stone hits your guardian golem but does no damage.
You feel sick.
The kobold throws a stone.
The stone hits your guardian golem but does no damage.
The adder misses you.
There is a stone staircase leading up here.
Casting: Summon Small Mammal (safe; 1% risk of failure)
Confirm with . or Enter, or press ? or * to list all spells.
The adder barely misses you.
Your rat closely misses the adder.
Your guardian golem disappears in a puff of smoke!
You hit the adder.
The adder is heavily wounded.
You feel sick. The adder bites you.
Your quokka misses the adder.
Your rat closely misses the adder.
You miss the adder.
The adder is heavily wounded.
The adder barely misses you.
Your quokka misses the adder.
Your rat barely misses the adder.
The adder misses you.
You closely miss the adder.
The adder is heavily wounded.
Your quokka closely misses the adder.
The adder bites you.
You are lethally poisoned!
The adder poisons you!
Your rat misses the adder.
The kobold hits your rat with a +0 short sword.
Your rat dies!
Your rat's corpse disappears in a puff of smoke!
Your magical contamination has completely faded away.
You hit the adder.
The adder is heavily wounded.
You feel sick.
Your quokka misses the adder. The adder bites you but does no damage.
You barely miss the adder.
The adder is heavily wounded.
Your quokka misses the adder. The adder bites you.
You are more poisoned.
The adder poisons you!
Your quokka misses the adder. The adder misses you.
Casting: Summon Small Mammal (safe; 1% risk of failure)
Confirm with . or Enter, or press ? or * to list all spells.
* * * LOW HITPOINT WARNING * * *
You feel sick. The adder bites you.
* * * LOW HITPOINT WARNING * * *
You are more poisoned.
The adder poisons you!
Your quokka misses the adder. The kobold closely misses you.
It was a potion of lignification.
You turn into a tree.
Your +0 robe melds into your body.
Your roots penetrate the ground.
* * * LOW HITPOINT WARNING * * *
You feel sick. The adder bites you but does no damage.
Your quokka bites the adder.
The kobold hits you but does no damage.
It was a potion of flight.
Your roots keep you in place.
* * * LOW HITPOINT WARNING * * *
You feel sick. The adder bites you but does no damage.
Your quokka bites the kobold.
The kobold hits you but does no damage.
It was a potion of berserk rage.
A red film seems to cover your vision as you go berserk!
You feel yourself moving faster!
You feel mighty!
* * * LOW HITPOINT WARNING * * *
You feel sick. The adder bites you but does no damage.
Your quokka misses the adder. The adder bites you but does no damage.
The kobold hits you but does no damage.
You miss the adder.
The adder is severely wounded.
Your quokka barely misses the kobold.
The adder completely misses you.
You hit the adder.
The adder is almost dead.
* * * LOW HITPOINT WARNING * * *
You feel sick.
Your quokka barely misses the adder.
The kobold hits you but does no damage.
You closely miss the adder.
The adder is almost dead.
* * * LOW HITPOINT WARNING * * *
You feel sick. The adder bites you but does no damage.
Your quokka closely misses the adder.
The kobold hits you but does no damage.
You barely miss the adder.
The adder is almost dead.
The adder bites you but does no damage.
Your quokka misses the kobold. You puncture the adder!
You kill the adder!
* * * LOW HITPOINT WARNING * * *
You feel sick. The kobold hits you but does no damage.
You are possessed by a berserker rage.
You are lethally poisoned (1 -> -6).
You are a tree.
Your movement speed is very quick.
Your attack speed is quite fast.
Your base attributes are Str 5, Int 20, Dex 15.
You puncture the kobold!
You kill the kobold!
You are too berserk!
There is a lethal amount of poison in your body!
You die...

##.#...♣ ♣♣.......####...<##'###
#.##..♣ ♣............##[##.#
##.#...♣ ♣.###......####....#
.......♣ ♣..##._8_...#####.###
...##..♣♣♣♣♣.........#...# #...##
##.###..♣♣...#.......###.#####...
##.........#.........# #...# ##..
....###...(..#.)rr...# ###.## #..
##.###(.####...<♣....#####..# ###
##.##.(## #######.......##.###
...#...# #######.##...### .[.K..#
#......... .........# #.........
.........K# ##........
..........# ######### .........##
...##...##


You could see 2 friendly quokkas.

Vanquished Creatures
  An adder (D:2)
  A goblin (D:1)
  5 kobolds
  A bat (D:2)
  2 frilled lizards (D:1)
  4 rats (D:1)
14 creatures vanquished.

Vanquished Creatures (collateral kills)
  3 dart slugs
  A leopard gecko (D:2)
  2 giant cockroaches (D:1)
  5 goblins
  5 hobgoblins
  3 kobolds (D:1)
  A ball python (D:1)
  5 bats
  2 frilled lizards (D:1)
  4 rats
31 creatures vanquished.

Grand Total: 45 creatures vanquished

Notes
Turn   | Place    | Note
-------+----------+-------------------------------------------
     0 | D:1      | MisterOstroum the Deep Elf Summoner began the quest for the
                  | Orb.
     0 | D:1      | Reached XP level 1. HP: 10/10 MP: 6/6
   293 | D:1      | Reached XP level 2. HP: 13/15 MP: 5/8
  1009 | D:1      | Learned a level 2 spell: Call Imp
  2020 | D:2      | Found a radiant altar of Vehumet.
  2020 | D:2      | Found a white marble altar of Elyvilon.
  2036 | D:2      | Reached skill level 5 in Summonings
  2036 | D:2      | Reached XP level 3. HP: 17/19 MP: 6/10
  2350 | D:2      | Learned a level 3 spell: Call Canine Familiar
  2354 | D:2      | Learned a level 3 spell: Summon Guardian Golem
  2786 | D:2      | HP: 2/42 [poisoned by an adder]
  2790 | D:2      | Succumbed to an adder's poison

Skill      XL: |  1  2 |
---------------+-------+-----
Spellcasting   | 4 |  4.3
Summonings     | 5 |  5.1
Dodging        | |  2.4
Stealth        | |  2.4

Action                   || total
-------------------------++-------
Melee: Unarmed           ||    15
       Dagger            ||    88
Throw: Stone             ||    54
 Cast: Summon Small Mamm ||    54
       Call Imp          ||    18
       Call Canine Famil ||     4
       Summon Guardian G ||     2
  Use: Potion            ||     3
  Eat: Chunk             ||     3
       Ration            ||     1
Armor: Robe              ||    26
       Skin              ||    11
Dodge: Dodged            ||   102
